 Dungeon Crawl Stone Soup version 0.32-a0-128-g77eb882913 (webtiles) character file.

Game seed: 1544723886355707902

2520 Nattfarinn the Thaumaturge (level 9, 0/88 HPs)
             Began as an Oni Necromancer on Feb 8, 2024.
             Was a Follower of Hepliaklqana.
             Slain by a gnoll
             ... wielding a +0 whip
             ... led by a gnoll bouda
              (8 damage)
             ... on level 7 of the Dungeon.
             The game lasted 00:09:16 (7604 turns).

Nattfarinn the Thaumaturge (Oni Necromancer)        Turns: 7604, Time: 00:09:22

Health: 0/88       AC:  3    Str: 14    XL:     9   Next: 54%
Magic:  20/22      EV:  9    Int: 26    God:    Hepliaklqana [*.....]
Gold:   254        SH:  0    Dex:  9    Spells: 23/27 levels left

rFire   . . .        A - +1 spear (venom)
rCold   . . .        (no shield)
rNeg    . . .        a - +0 robe
rPois   +            l - +0 hat
rElec   .            (no cloak)
rCorr   .            (gloves unavailable)
SInv    .            (boots unavailable)
Will    .....        (no amulet)
Stlth   +            o - ring of poison resistance
HPRegen 0.34/turn    u - +6 ring of intelligence
MPRegen 0.18/turn

%: no passive effects
@: no status effects
A: reduced essence, large, unfitting armour, horns 1, tough skin 1, double
potion healing, drunken brawling
a: Renounce Religion, Recall Ancestor, Ancestor Identity


You were on level 7 of the Dungeon.
You worshipped Hepliaklqana.
Hepliaklqana was aware of your devotion.
You visited 2 branches of the dungeon, and saw 8 of its levels.

You collected 254 gold pieces.

Inventory:

Hand Weapons
 f - a +0 spear
 A - a +1 spear of venom (weapon)
Missiles
 i - 2 throwing nets
Armour
 a - a +0 robe (worn)
 l - a +0 hat (worn)
Jewellery
 h - a ring of positive energy
 o - a ring of poison resistance (left hand)
 u - a +6 ring of intelligence (right hand)
Wands
 C - a wand of digging (3)
Scrolls
 c - a scroll of fog {unknown}
 e - a scroll of brand weapon {unknown}
 k - 6 scrolls of noise {unknown}
 n - 2 scrolls of summoning
 p - a scroll of enchant weapon {unknown}
 r - a scroll of poison {unknown}
 s - a scroll of amnesia
 t - a scroll of acquirement {unknown}
 v - 5 scrolls of identify {unknown}
 x - a scroll of enchant armour {unknown}
 y - a scroll of teleportation {unknown}
 E - a scroll of revelation {unknown}
Potions
 g - 2 potions of mutation {unknown}
 j - a potion of resistance {unknown}
 m - a potion of brilliance {unknown}
 q - a potion of ambrosia {unknown}
 w - a potion of attraction {unknown}
 z - 2 potions of lignification {unknown}
 B - a potion of haste {unknown}
 D - a potion of might {unknown}
 F - a potion of enlightenment {unknown}


   Skills:
 + Level 9.2 Fighting
 - Level 1.7 Dodging
 - Level 1.4 Stealth
 - Level 9.6 Spellcasting
 - Level 6.6 Necromancy


You had 23 spell levels left.
You knew the following spells:

 Your Spells              Type           Power      Damage    Failure   Level
a - Necrotise             Necr           100%       1d9       1%          1
b - Vampiric Draining     Necr           47%        2d9       1%          3

Your spell library contained the following spells:

 Spells                   Type           Power      Damage    Failure   Level
 Animate Dead             Necr           47%        N/A       3%          4
 Curse of Agony           Necr           47%        N/A       9%          5
 Vhi's Electric Charge    Tloc/Air       24%        N/A       43%         4
 Arcjolt                  Conj/Air       6%         1d16      80%         5
 Plasma Beam              Fire/Air       6%         2x1d16    100%        6
 Chain Lightning          Conj/Air       6%         3d8       100%        9
 Fire Storm               Conj/Fire      6%         8d2       100%        9
 Shatter                  Erth           6%         3d9*      100%        9


Dungeon Overview and Level Annotations

Branches:
Dungeon (7/15)             Temple (1/1) D:4

Altars:
Cheibriados
Dithmenos
Fedhas
Hepliaklqana
Kikubaaqudgha
Makhleb
Nemelex Xobeh
Okawaru
Qazlal
Sif Muna
Trog
Uskayaw
Wu Jian
Xom
Yredelemnul
Zin
The Shining One


Innate Abilities, Weirdness & Mutations

Your life essence is reduced to manifest your ancestor. (-10% HP)
You are too large for most types of armour.
You have a pair of small horns on your head.
You have tough skin. (AC +1)
You gain doubled healing and magic from potions.
Whenever you drink a healing potion, you attack all around you.


Message History

Magic courses through your body.
The gnoll bouda calls upon its god to heal the gnoll.
The gnoll's wounds heal themselves!
The white imp hits you but does no damage.
The gnoll hits you from afar with a +0 spear.
The gnoll hits you with a +0 whip.
* * * LOW HITPOINT WARNING * * *
Unknown command.
Casting: Vampiric Draining (safe; 1% risk of failure)
Confirm with . or Enter, or press ? or * to list all spells.
Aiming: Vampiric Draining (safe; 1% risk of failure)
Press: ? - help, Shift-Dir - straight line, f/p - gnoll bouda
Aim: a gnoll bouda, wielding a +0 whip and wearing a +0 robe (heavily wounded)
You draw life force from the gnoll bouda!
You kill the gnoll bouda!
You feel life coursing into your body. The white imp hits you.
* * * LOW HITPOINT WARNING * * *
The white imp freezes you.
* * * LOW HITPOINT WARNING * * *
The gnoll hits you from afar with a +0 spear.
* * * LOW HITPOINT WARNING * * *
The gnoll barely misses you.
Okay, then.
As you read the scroll labelled VUISO ACRIDIQE, it crumbles to dust.
It is a scroll of amnesia.
Okay, then.
Your attacks no longer feel as feeble.
The white imp hits you but does no damage.
The gnoll hits you from afar with a +0 spear.
* * * LOW HITPOINT WARNING * * *
The gnoll hits you but does no damage.
As you read the scroll labelled EKITHR PYSE, it crumbles to dust.
Wisps of shadow whirl around you...
It was a scroll of summoning.
The white imp hits you.
* * * LOW HITPOINT WARNING * * *
The white imp freezes you.
* * * LOW HITPOINT WARNING * * *
The gnoll hits you but does no damage. The gnoll hits you with a +0 whip!
You die...
Hepliaklqana delivers you to your ancestors.

.. ####.
#....
#._..
.#...g####
.....o5go#
#)@.#
#oof###..
#Jo.....#
#...#####
#...# #.
#...#
#.##..##
#.##.##
#.##.#


You could see 2 gnolls, a white imp (ally target), a friendly orc warrior
(summoned), a friendly sleepcap (summoned), a friendly jelly (summoned), a
friendly orc wizard (summoned) and 3 friendly orcs.

Vanquished Creatures
  A boulder beetle (D:7)
  Joseph (D:7)
  A water moccasin (D:5)
  4 ogres
  2 centaurs (D:6)
  A scorpion (D:5)
  3 hounds
  A bombardier beetle (D:4)
  2 gnoll boudas
  2 jellies
  4 orc priests
  2 iguanas (D:4)
  An orc wizard (D:4)
  A sleepcap (D:6)
  8 gnolls
  4 adders
  A shadow imp (D:6)
  A white imp (D:6)
  2 ribbon worms
  3 dart slugs (D:2)
  13 orcs
  3 ball pythons
  8 endoplasms
  2 giant cockroaches
  7 goblins
  7 hobgoblins
  6 jackals (D:1)
  5 kobolds
  4 quokkas
  4 bats
  2 frilled lizards
  7 rats
113 creatures vanquished.

Vanquished Creatures (collateral kills)
  2 ice beasts
  A black bear (D:6)
  2 gnolls (D:7)
  A white imp (D:6)
  An orc (D:3)
  An endoplasm (D:1)
  2 goblins (D:1)
10 creatures vanquished.

Vanquished Creatures (others)
  6 ancestors
6 creatures vanquished.

Grand Total: 129 creatures vanquished

Notes
Turn   | Place    | Note
-------+----------+-------------------------------------------
     0 | D:1      | Nattfarinn the Oni Necromancer began the quest for the Orb.
     0 | D:1      | Reached XP level 1. HP: 16/16 MP: 3/3
   178 | D:1      | Reached XP level 2. HP: 24/24 MP: 3/5
   615 | D:1      | Reached XP level 3. HP: 31/31 MP: 4/7
   964 | D:2      | Found an ancient bone altar of Kikubaaqudgha.
  1554 | D:2      | Reached XP level 4. HP: 39/39 MP: 7/10
  2268 | D:3      | Reached XP level 5. HP: 45/45 MP: 9/12
  2319 | D:3      | Found a glowing golden altar of the Shining One.
  2846 | D:3      | Identified the +4 ring mail "Erphumpu" {+Inv rPois Regen+
                  | Stlth-}
  3095 | D:4      | Reached skill level 5 in Spellcasting
  3276 | D:4      | Found a staircase to the Ecumenical Temple.
  3289 | Temple   | Entered the Ecumenical Temple
  3430 | D:4      | Reached XP level 6. HP: 53/53 MP: 12/14
  3609 | D:4      | Found a snail-covered altar of Cheibriados.
  3722 | D:4      | Found a hazy altar of Hepliaklqana.
  3725 | D:4      | Became a worshipper of Hepliaklqana the Forgotten
  4226 | D:4      | Reached skill level 5 in Necromancy
  4368 | D:5      | Entered Level 5 of the Dungeon
  4535 | D:5      | Reached XP level 7. HP: 59/59 MP: 11/17
  5109 | D:5      | Found an ancient bone altar of Kikubaaqudgha.
  5330 | D:6      | Reached XP level 8. HP: 12/67 MP: 16/20
  5510 | D:5      | Learned a level 3 spell: Vampiric Draining
  5562 | D:6      | Reached * piety under Hepliaklqana
  6888 | D:7      | Noticed a boulder beetle
  7159 | D:7      | Killed a boulder beetle
  7160 | D:7      | Reached XP level 9. HP: 10/82 MP: 12/22
  7573 | D:7      | Found a blossoming altar of Fedhas.
  7583 | D:7      | Noticed Joseph
  7599 | D:7      | Killed Joseph
  7604 | D:7      | Slain by a gnoll

Illustrated notes

Levels and vault maps discovered:
D:1:      lightli_arrival_statue_moat, layout_basic
D:2:      layout_loops_corners, basic_altar, minmay_joined_circles
D:3:      layout_basic, mainiacjoe_overflow_boulevard, serial_rivers,
          chequers_serial_rivers_small_3, chequers_serial_rivers_micro_b,
          chequers_serial_rivers_micro_c, chequers_serial_rivers_micro_e,
          minmay_misc_feat_cross
D:4:      layout_basic, kennysheep_mini, mainiacjoe_overflow_small_starburst,
          minmay_temple_entry_sparse_star, corexii_corridor_pit
D:5:      layout_rooms, kiku_gazebo_pond_becter
D:6:      layout_basic
D:7:      layout_rooms, mainiacjoe_overflow_chevrons, uniq_joseph
Temple:   nicolae_temple_x_marks_the_god

Skill      XL: |  1  2  3  4  5  6  7  8  9 |
---------------+----------------------------+-----
Spellcasting   | 3 4 5 6 8 9 |  9.6
Necromancy     | 4 5 6 |  6.6
Fighting       | 6 9 |  9.2
Dodging        | |  1.7
Stealth        | |  1.4

Action                     |  1- 3 |  4- 6 |  7- 9 || total
---------------------------+-------+-------+-------++-------
  Melee: Unarmed           |    11 |       |       ||    11
         Headbutt          |     1 |     1 |    12 ||    14
         Spear             |     5 |     9 |   111 ||   125
         Punch             |     1 |       |     5 ||     6
   Cast: Necrotise         |    54 |   130 |    27 ||   211
         Vampiric Draining |       |       |    30 ||    30
    Use: Potion            |       |       |     3 ||     3
         Scroll            |       |       |     2 ||     2
 Armour: Robe              |    27 |    31 |   126 ||   184
  Dodge: Dodged            |    19 |    22 |    59 ||   100

Table legend: (Time is in decaauts)
 A = Elapsed time spent in this place.
 B = Non-inter-level travel time spent in this place.
 C = Inter-level travel time spent in this place.
 D = Time resting spent in this place.
 E = Time spent auto-exploring this place.
 F = Levels seen in this place.
 G = Mean time per level.
                   A        B        C        D        E       F      G
               +--------+--------+--------+--------+--------+-----+--------+
         Total |   7619 |   7355 |    264 |    898 |   5646 |   8 |  952.4 |
       Dungeon |   7493 |   7247 |    246 |    794 |   5646 |   7 | 1070.4 |
        Temple |    126 |    108 |     18 |    104 |      0 |   1 |  126.0 |
               +--------+--------+--------+--------+--------+-----+--------+

Top non-repeatable levels by time:
     D:6: 1776 daAuts
     D:2: 1266 daAuts
     D:5: 1201 daAuts
     D:4: 1156 daAuts
     D:3: 953 daAuts
     D:1: 863 daAuts
     D:7: 275 daAuts
  Temple: 126 daAuts
